 Dungeon Crawl Stone Soup version 0.24.0-13-gcf9b319 (webtiles) character file.

Game seed: 4556242160621984399, levelgen mode: deterministic

104 Bronimir the Gusty (level 4, -2/24 HPs)
             Began as a Tengu Air Elementalist on Apr 1, 2020.
             Killed from afar by Sigmund (10 damage)
             ... with a puff of flame
             ... on level 2 of the Dungeon.
             The game lasted 00:03:45 (1890 turns).

Bronimir the Gusty (Tengu Air Elementalist)         Turns: 1890, Time: 00:03:46

Health: -2/24      AC:  7    Str:  9    XL:     4   Next: 80%
Magic:  9/9        EV: 12    Int: 16    God:
Gold:   91         SH:  0    Dex: 14    Spells: 7/8 levels left

rFire    . . .     SeeInvis .   a - +0 falchion
rCold    . . .     Gourm    .   (no shield)
rNeg     . . .     Faith    .   l - +1 leather armour {MR+}
rPois    .         Spirit   .   n - +2 hat
rElec    .         Reflect  .   k - +0 cloak
rCorr    .         Harm     .   (no gloves)
MR       +....                  (boots unavailable)
Stlth    ++........             (no amulet)
HPRegen  0.08/turn              (no ring)
MPRegen  0.11/turn              (no ring)

@: no status effects
A: beak, talons 3
a: no special abilities


You were on level 2 of the Dungeon.
You were hungry.

You visited 1 branch of the dungeon, and saw 3 of its levels.

You collected 91 gold pieces.

Inventory:

Hand Weapons
 a - a +0 falchion (weapon)
 e - a +0 whip
 i - a +4 dagger
Missiles
 g - 74 stones (quivered)
 j - 39 bolts
Armour
 b - a +0 robe
 k - a +0 cloak (worn)
 l - a +1 leather armour of magic resistance (worn)
 n - a +2 hat (worn)
Scrolls
 d - a scroll of random uselessness {unknown}
 f - a scroll of magic mapping {unknown}
 h - 5 scrolls of identify {unknown}
Comestibles
 c - 3 rations
 m - 5 chunks of flesh


   Skills:
 + Level 0.2 Fighting
 + Level 0.2(0.3) Short Blades
 + Level 0.2(0.3) Long Blades
 * Level 1.1 Armour
 + Level 2.5 Dodging
 - Level 2.0 Stealth
 * Level 2.7 Spellcasting
 * Level 2.3 Conjurations
 * Level 5.5 Air Magic


You had 7 spell levels left.
You knew the following spells:

 Your Spells              Type           Power        Failure   Level  Hunger
a - Shock                 Conj/Air       ##..         5%          1    #......

Your spell library contained the following spells:

 Spells                   Type           Power        Failure   Level  Hunger
 Swiftness                Chrm/Air       ##......     13%         2    ##.....
 Static Discharge         Conj/Air       ##......     16%         3    ###....
 Airstrike                Air            ###.......   26%         4    #####..
 Lightning Bolt           Conj/Air       ##........   82%         5    ######.


Dungeon Overview and Level Annotations

Branches:
Dungeon (3/15)

Altars:
Uskayaw

Annotations:
D:2 Sigmund


Innate Abilities, Weirdness & Mutations

You have a beak for a mouth.
You have claws for feet.


Message History

The stone hits you but does no damage.
You see here a stone.
Sigmund hits you from afar with a +0 scythe.
The goblin shoots a stone.
The stone misses you.
The goblin unwields a +0 hunting sling.
The goblin misses you. Sigmund hits you but does no damage.
You hit Sigmund.
Sigmund is lightly wounded.
The goblin hits you. Sigmund casts a spell at you. The puff of flame hits you.
You are feeling hungry.
You barely miss Sigmund. You claw Sigmund, but do no damage.
Your peck misses Sigmund.
Sigmund is lightly wounded.
The goblin closely misses you. Sigmund hits you with a +0 scythe!
You are too injured to fight recklessly!
Sigmund gestures at you while chanting. The puff of flame hits you!
You die...

. #.##............ #.
#.##............
..##.##.##.#.#####...#
#............# #.....)
##.......### #.#....
####.#### #.#....
#########$# #.#....
#.......†(# ######.#....
#..>...@..###...##.#....
#....g....##.###.#......
#.........#.## ##.......
......@.....#.# #...#.#.
###.........#.##
##.......
#.........##.###.#.##...
#.........###...##.##.#.
#.........##....##......
############....#####.##


You could see Sigmund and a goblin.

Vanquished Creatures
  Terence (D:2)
  Robin (D:2)
  2 oozes (D:2)
  A dart slug (D:2)
  3 giant cockroaches (D:1)
  11 goblins
  9 hobgoblins
  4 jackals (D:2)
  5 kobolds
  A ball python (D:1)
  6 bats
  2 frilled lizards (D:1)
  6 rats
52 creatures vanquished.

Notes
Turn   | Place    | Note
-------+----------+-------------------------------------------
     0 | D:1      | Bronimir the Tengu Air Elementalist began the quest for the
                  | Orb.
     0 | D:1      | Reached XP level 1. HP: 10/10 MP: 4/4
   223 | D:1      | Reached XP level 2. HP: 13/15 MP: 0/6
   783 | D:1      | Reached XP level 3. HP: 16/19 MP: 7/7
   928 | D:1      | Found a hide-covered altar of Uskayaw.
  1013 | D:2      | Noticed Terence
  1014 | D:2      | Reached skill level 5 in Air Magic
  1046 | D:2      | Killed Terence
  1046 | D:2      | Reached XP level 4. HP: 14/24 MP: 1/8
  1156 | D:2      | Noticed Robin
  1440 | D:2      | Killed Robin
  1662 | D:2      | Reached skill level 1 in Armour
  1880 | D:2      | Noticed Sigmund
  1890 | D:2      | Killed from afar by Sigmund

Levels and vault maps discovered:
D:1:      sevenhm_arrival_forest_fort_small_6, layout_basic
D:2:      layout_loops_cross, uniq_terence, uniq_sigmund, uniq_robin
D:3:      minmay_chambers_of_threes, layout_basic,
          lemuel_coloured_pillars_altar, chequers_ecumenical_altar_grove,
          cheibrodos_ashenzari_chains

Skill      XL: |  1  2  3  4 |
---------------+-------------+-----
Conjurations   | 2 |  2.3
Air Magic      | 5 |  5.5
Armour         | 1 |  1.1
Fighting       | |  0.2
Short Blades   | |  0.2
Long Blades    | |  0.2
Dodging        | |  2.5
Stealth        | |  2.0
Spellcasting   | |  2.7

Action                   |  1- 3 |  4- 6 || total
-------------------------+-------+-------++-------
Melee: Dagger            |    61 |       ||    61
       Kick              |     9 |     9 ||    18
       Peck              |     9 |     8 ||    17
       Falchion          |       |    33 ||    33
 Cast: Shock             |    14 |    12 ||    26
 Stab: Sleeping          |     2 |     1 ||     3
  Eat: Chunk             |       |     3 ||     3
Armor: Robe              |    10 |       ||    10
       Leather armour    |     5 |    29 ||    34
Dodge: Dodged            |    32 |    44 ||    76
       Rpst.: Falchion   |       |    17 ||    17
